 Dungeon Crawl Stone Soup version 0.18.1-5-g4a78601 (webtiles) character file.

2719 Locuples the Basher (level 9, -4/100 HPs)
             Began as an Ogre Berserker on May 6, 2016.
             Was an Elder of Trog.
             Slain by a wight
             ... wielding a cursed +3 spear
              (12 damage)
             ... on level 7 of the Dungeon on May 11, 2016.
             The game lasted 00:20:37 (5864 turns).

Locuples the Basher (Ogre Berserker)                Turns: 5864, Time: 00:20:38

Health: -4/100     AC:  5    Str: 27    XL:     9   Next: 66%
Magic:  9/9        EV: 11    Int:  6    God:    Trog [****..]
Gold:   274        SH:  5    Dex:  9    Spells: 0 memorised, 8 levels left

rFire  . . .     SeeInvis .     v - +0 giant club
rCold  . . .     Gourm    .     k - +2 robe {Archmagi}
rNeg   . . .     Faith    .     (shield currently unavailable)
rPois  +         Spirit   .     (helmet restricted)
rElec  .         Dismiss  .     (no cloak)
rCorr  .         Reflect  +     (gloves unavailable)
SustAt .         Harm     .     (boots unavailable)
MR     ++...                    l - +5 amulet of reflection
Stlth  +.........               (no ring)
                                f - ring of poison resistance

@: exhausted, regenerating, slowed, heavily drained, very slow, very resistant
to hostile enchantments, very unstealthy
A: unfitting armour, tough skin 1
a: Berserk, Trog's Hand, Brothers in Arms, Burn Spellbooks, Renounce Religion


You were on level 7 of the Dungeon.
You worshipped Trog.
Trog was greatly pleased with you.
You were not hungry.

You visited 1 branch of the dungeon, and saw 7 of its levels.
You also visited: Sewer and Ossuary.

You collected 416 gold pieces.
You spent 142 gold pieces at shops.

Inventory:

Hand Weapons
 v - a +0 giant club (weapon)
Armour
 k - a +2 robe of the Archmagi (worn)
Jewellery
 f - a ring of poison resistance (left hand)
 l - a +5 amulet of reflection (around neck)
Wands
 z - a wand of random effects (27/48)
 A - a wand of paralysis (15/24)
Scrolls
 d - a scroll of random uselessness {unknown}
 e - 2 scrolls of immolation {unknown}
 i - 6 scrolls of identify {unknown}
 m - a scroll of fear {unknown}
 o - 3 scrolls of teleportation {unknown}
 p - 2 scrolls of recharging {unknown}
 r - a scroll of noise {unknown}
 s - 2 scrolls of enchant armour {unknown}
 t - 2 scrolls of amnesia {unknown}
 w - 2 scrolls of fog {unknown}
 x - a scroll of enchant weapon {unknown}
 y - 5 scrolls of remove curse {unknown}
 F - 3 scrolls of blinking {unknown}
Potions
 b - a potion of mutation {unknown}
 g - 3 potions of cancellation {unknown}
 h - 2 potions of haste {unknown}
 j - 4 potions of cure mutation {unknown}
 n - a potion of degeneration {unknown}
 q - 5 potions of heal wounds {unknown}
 u - 2 potions of might {unknown}
 B - 3 potions of flight {unknown}
 C - a potion of invisibility {unknown}
 D - 3 potions of curing {unknown}
 E - a potion of agility {unknown}
Books
 G - a book of Frost

   Spells                             Type                      Level
   a - Freeze                         Ice                          1
   b - Throw Frost                    Conjuration/Ice              2
   c - Ozocubu's Armour               Charms/Ice                   3
   d - Throw Icicle                   Conjuration/Ice              4
   e - Summon Ice Beast               Ice/Summoning                4
   Trog disapproves of the use of such an item.
Comestibles
 a - a slice of pizza
 c - 3 bread rations
 I - a beef jerky


   Skills:
 + Level 9.5(6.2) Fighting
 + Level 10.5(7.1) Maces & Flails
 + Level 8.0(4.9) Dodging


You had 8 spell levels left.
You didn't know any spells.

Dungeon Overview and Level Annotations

Branches:
Dungeon (7/15)             Temple (0/1) D:5

Altars:
Ashenzari
Cheibriados
Elyvilon
Fedhas
Kikubaaqudgha
Makhleb
Nemelex Xobeh
Pakellas
Qazlal
Sif Muna
Trog
Vehumet
Xom

Shops:
D:5 (

Annotations:
D:7 Joseph


Innate Abilities, Weirdness & Mutations

You are too large for most types of armour.
You have tough skin (AC +1).


Message History

The wight hits you with an enchanted dagger!
* * * LOW HITPOINT WARNING * * *
You feel drained.
* * * LOW HITPOINT WARNING * * *
You closely miss the wight.
The wight hits you from afar with an enchanted spear!
* * * LOW HITPOINT WARNING * * *
The wight misses you. The wight barely misses you.
Your skin crawls.
You feel resistant to hostile enchantments.
You feel slightly more hungry. The wight barely misses you.
The wight hits you from afar with an enchanted spear.
* * * LOW HITPOINT WARNING * * *
You feel drained. The wight closely misses you.
The wight hits you from afar with an enchanted spear.
* * * LOW HITPOINT WARNING * * *
The wight misses you. You block the phantom's attack.
You block the wight's attack.
The wight hits you from afar with an enchanted spear!
You die...

########.รท.....#
###...########
###...####...#
#.)...........
#######.#####'#####.
#.....#..##.^...##..
#.###.##..##..^##...
########.###......##.##..#.
.......)zW@....##..###..###
.......)z#####.##...#..## #
.........# ......<...## ##
......[..# .#.######..###.
.......>.# #.#..........#.#
.........# # #########.#.##
.........# #.### .........#
#.# ........@# #.#


You could see a phantom and 2 wights.

Vanquished Creatures
  Sigmund (D:2)
  A hungry ghost (D:7)
  2 steam dragons
  2 orc warriors
  A sky beast (D:6)
  An ice beast (D:5)
  3 ogres
  2 centaurs
  A crocodile (Sewer)
  An elf zombie (Ossuary)
  A water moccasin skeleton (D:6)
  3 wights (D:7)
  3 centaur zombies (Ossuary)
  A jelly (D:5)
  A giant frog skeleton (D:5)
  4 human zombies (Ossuary)
  2 orc priests (D:6)
  2 hounds
  4 orc wizards
  Natasha (twice) (D:2)
  6 worker ants
  3 big kobold zombies (Ossuary)
  A hound skeleton (D:5)
  A hound zombie (Ossuary)
  4 mummies
  3 gnolls (D:3)
  11 adders
  An ooze (D:4)
  4 adder zombies
  5 worms
  A dart slug (D:1)
  3 giant geckos
  8 orcs
  3 bats
  2 giant cockroaches
  10 goblins
  9 hobgoblins
  4 jackals
  2 ball pythons (D:4)
  A giant gecko zombie (D:6)
  10 giant newts
  4 goblin zombies (Ossuary)
  2 hobgoblin zombies (Ossuary)
  A jackal skeleton (D:5)
  6 jackal zombies (Ossuary)
  5 kobolds
  2 kobold zombies (Ossuary)
  3 orc zombies (Ossuary)
  A quokka zombie (Ossuary)
  11 rats
  2 rat zombies (Ossuary)
167 creatures vanquished.

Notes
Turn   | Place    | Note
--------------------------------------------------------------
     0 | D:1      | Locuples the Ogre Berserker began the quest for the Orb.
     0 | D:1      | Reached XP level 1. HP: 24/24 MP: 1/1
    93 | D:1      | Reached XP level 2. HP: 28/32 MP: 2/2
   558 | D:2      | Reached XP level 3. HP: 34/40 MP: 3/3
   678 | D:2      | Noticed Sigmund
   695 | D:2      | Killed Sigmund
   695 | D:2      | Reached skill level 5 in Fighting
   695 | D:2      | Reached skill level 5 in Maces & Flails
   695 | D:2      | Reached XP level 4. HP: 7/50 MP: 4/4
   695 | D:2      | Reached XP level 5. HP: 8/57 MP: 5/5
   993 | D:2      | Reached ** piety under Trog
  1033 | D:2      | Reached skill level 6 in Maces & Flails
  1067 | D:2      | Noticed Natasha
  1079 | D:2      | Killed Natasha
  1189 | D:2      | Reached XP level 6. HP: 55/66 MP: 6/6
  1312 | D:2      | Found a snail-covered altar of Cheibriados.
  1312 | D:2      | Found a stormy altar of Qazlal.
  1471 | D:2      | Noticed Natasha
  1478 | D:2      | Killed Natasha
  1480 | D:2      | Upgraded the game from 0.18.1-1-g2f07953 to 0.18.1-5-g4a78601
  1999 | D:3      | Reached *** piety under Trog
  2101 | D:3      | Found a bloodstained altar of Trog.
  2437 | D:4      | Found a sparkling altar of Nemelex Xobeh.
  2498 | D:4      | Reached skill level 5 in Dodging
  2498 | D:4      | Reached XP level 7. HP: 74/74 MP: 7/7
  2689 | D:4      | Reached skill level 7 in Maces & Flails
  2933 | D:5      | Entered Level 5 of the Dungeon
  3083 | D:5      | Found a glowing drain.
  3090 | Sewer    | Entered a sewer
  3238 | D:5      | Found an ancient bone altar of Kikubaaqudgha.
  3244 | D:5      | Reached XP level 8. HP: 72/84 MP: 8/8
  3247 | D:5      | Found a shimmering altar of Xom.
  3248 | D:5      | Found an oddly glowing altar of Pakellas.
  3248 | D:5      | Found a deep blue altar of Sif Muna.
  3249 | D:5      | Found a burning altar of Makhleb.
  3251 | D:5      | Found a white marble altar of Elyvilon.
  3252 | D:5      | Found a shattered altar of Ashenzari.
  3275 | D:5      | Reached skill level 8 in Maces & Flails
  3329 | D:5      | Reached **** piety under Trog
  3422 | D:5      | Found a staircase to the Ecumenical Temple.
  3444 | D:5      | Found Bung's Antique Weapon Shoppe.
  3452 | D:5      | Bought an ichor-stained whip for 142 gold pieces
  3452 | D:5      | Identified the +3 whip of Okoclovut {slash, rElec rF+ Int-4} (You bought it in a shop on level 5 of the Dungeon)
  3804 | D:6      | Found a radiant altar of Vehumet.
  3923 | D:6      | Reached skill level 9 in Maces & Flails
  4064 | D:6      | Found a blossoming altar of Fedhas.
  4244 | D:6      | Reached XP level 9. HP: 38/96 MP: 9/9
  5026 | D:7      | Found a sand-covered staircase.
  5033 | Ossuary  | Entered an ossuary
  5348 | Ossuary  | Reached skill level 10 in Maces & Flails
  5838 | D:7      | Noticed Joseph
  5862 | D:7      | HP: 4/100 [wight/enchanted spear (4)]
  5864 | D:7      | Slain by a wight

Skill      XL: |  1  2  3  4  5  6  7  8  9 |
---------------+----------------------------+-----
Dodging        | 3 4 5 7 8 |  8.0
Fighting       | 5 6 8 9 |  9.5
Maces & Flails | 5 6 7 9 10 | 10.5

Action                   |  1- 3 |  4- 6 |  7- 9 || total
-------------------------+-------+-------+-------++-------
Melee: Mace              |    57 |   197 |       ||   254
       Giant club        |       |       |   323 ||   323
       Whip              |       |       |    51 ||    51
Invok: Berserk           |     1 |     4 |     5 ||    10
       Trog's Hand       |       |       |     1 ||     1
 Stab: Sleeping          |     2 |     1 |       ||     3
  Eat: Chunk             |       |     9 |     4 ||    13
       Bread ration      |       |       |     3 ||     3
       Fruit             |       |       |     5 ||     5
       Meat ration       |       |       |     2 ||     2
       Pizza             |       |       |     1 ||     1
Armor: Animal skin       |     5 |       |       ||     5
       Robe              |     4 |    81 |   131 ||   216
Dodge: Dodged            |    23 |   133 |   248 ||   404
Block: Other             |       |       |     9 ||     9
